 Dungeon Crawl Stone Soup version 0.20.0-10-g0535bb4 (webtiles) character file.

337 miragecloak the Insei (level 6, 0/38 HPs)
             Began as an Octopode Transmuter on June 7, 2017.
             Slain by a wight
             ... wielding a +2 war axe
              (9 damage)
             ... on level 3 of the Dungeon.
             The game lasted 00:03:28 (3594 turns).

miragecloak the Insei (Octopode Transmuter)         Turns: 3594, Time: 00:03:29

Health: 0/38       AC:  2    Str: 10    XL:     6   Next: 54%
Magic:  6/9        EV: 18    Int: 15    God:
Gold:   130        SH:  0    Dex: 19    Spells: 5/9 levels left

rFire    . . .     SeeInvis .     - Unarmed
rCold    . . .     Gourm    .   (shield currently unavailable)
rNeg     . . .     Faith    .   (helmet currently unavailable)
rPois    x         Spirit   .   (no amulet)
rElec    .         Reflect  .   (no ring)
rCorr    .         Harm     .   (no ring)
MR       .....                  (no ring)
Stlth    ++........             (no ring)
Regen    0.2/turn               (no ring)
MPRegen  0.2/turn               (no ring)
                                (no ring)
                                (no ring)

@: spider-form (expiring), heavily drained
A: almost no armour, stealthy swim, (amphibious), 8 rings, (constrict 8)
a: End Transformation


You were on level 3 of the Dungeon.
You were hungry.
You were a venomous arachnid creature.
You visited 1 branch of the dungeon, and saw 4 of its levels.

You collected 130 gold pieces.

Inventory:

Missiles
 a - 50 arrows
Wands
 o - a wand of random effects (13/48)
Scrolls
 d - 2 scrolls of remove curse {unknown}
 e - 2 scrolls of recharging {unknown}
 g - a scroll of magic mapping {unknown}
 h - a scroll of enchant weapon {unknown}
 j - a scroll of fear {unknown}
 m - 3 scrolls of identify {unknown}
 q - a scroll of enchant armour {unknown}
 r - a scroll of teleportation {unknown}
Potions
 k - a potion of cancellation {unknown}
 l - 3 potions of berserk rage {unknown}
 n - a potion of flight {unknown}
 p - 2 potions of heal wounds {unknown}
 t - a potion of curing {unknown}
Books
 b - a book of Changes

   Spells                             Type                      Level
   a - Beastly Appendage              Transmutation                1
   b - Sticks to Snakes               Transmutation                2
   c - Spider Form                    Transmutation/Poison         3
   d - Ice Form                       Ice/Transmutation            4
   e - Blade Hands                    Transmutation                5
Comestibles
 c - 5 bread rations
 f - 2 meat rations
 i - 2 royal jellies
 s - 5 chunks of flesh


   Skills:
 - Level 1.0(0.0) Fighting
 - Level 2.0(0.9) Dodging
 + Level 5.1(3.9) Unarmed Combat
 - Level 2.0(0.9) Spellcasting
 - Level 4.0(2.8) Transmutations
 - Level 3.6(2.5) Poison Magic


You had 5 spell levels left.
You knew the following spells:

 Your Spells              Type           Power        Failure   Level  Hunger
a - Beastly Appendage     Tmut           #.....       21%         1    ##.....
b - Spider Form           Tmut/Pois      #.........   45%         3    ####...


Dungeon Overview and Level Annotations

Branches:
Dungeon (4/15)
 Temple: D:4-7

Altars:
Elyvilon
The Shining One

Annotations:
D:3 Bareth's ghost, amateur CeHu


Innate Abilities, Weirdness & Mutations

You cannot wear most types of armour.
You are very stealthy in the water. (Stealth+)
((You are amphibious.))
You can wear up to eight rings at the same time.
((You can use your tentacles to constrict eight enemies at once.))
((Your skin changes colour to match your surroundings (Stealth+).))
((Your rubbery body absorbs attacks. (AC +1, EV +1)))


Message History

You are too injured to fight recklessly!
You are too injured to fight recklessly!
You are too injured to fight recklessly!
You barely miss the wight. The wight closely misses you.
You hit the wight but do no damage.
The wight hits you with an enchanted war axe.
* * * LOW HITPOINT WARNING * * *
You bite the wight!
The wight is heavily damaged.
The wight barely misses you.
You barely miss the wight.
The wight is heavily damaged.
You hit the wight.
The wight is almost destroyed.
The wight barely misses you.
You hit the wight but do no damage.
The wight is almost destroyed.
Your transformation is almost over.
The wight hits you with an enchanted war axe!
You die...

#.##.#.##############.#
####.##.#.##.#...........#
#.....#.#<...#.#########.#
##.####.######.############
#.##.....(...............###
#.##.#.####.................
#.##.#.#....#....#######.###
#....#(#.##.####.# ###.###
######.#...sz....### #......
#.##..........###.....#
#.....................+
####..........###.....#
#..........# #######
#..........#####....
##..........#........
#.........###........
#.........# #........


You could see a wight.

Vanquished Creatures
  A scorpion (D:3)
  A wight (D:4)
  A hound (D:4)
  2 orc wizards (D:4)
  A worker ant (D:4)
  4 adders
  An ooze (D:2)
  3 worms
  3 dart slugs (D:1)
  5 leopard geckos
  3 orcs (D:4)
  2 ball pythons
  7 bats
  3 giant cockroaches
  4 goblins
  6 hobgoblins
  7 jackals
  A quokka (D:2)
  8 frilled lizards
  7 kobolds
  6 rats
76 creatures vanquished.

Notes
Turn   | Place    | Note
-------+----------+-------------------------------------------
     0 | D:1      | miragecloak the Octopode Transmuter began the quest for the Orb.
     0 | D:1      | Reached XP level 1. HP: 13/13 MP: 3/3
   128 | D:1      | Reached XP level 2. HP: 18/18 MP: 3/5
   875 | D:1      | Reached XP level 3. HP: 21/23 MP: 6/6
   880 | D:1      | Learned a level 3 spell: Spider Form
  1511 | D:2      | Found a glowing golden altar of the Shining One.
  1511 | D:2      | Found a white marble altar of Elyvilon.
  1568 | D:2      | Reached XP level 4. HP: 25/28 MP: 1/7
  1632 | D:2      | Reached skill level 1 in Poison Magic
  2044 | D:3      | Reached XP level 5. HP: 14/33 MP: 3/8
  2348 | D:3      | Noticed Bareth's ghost (amateur CeHu)
  2710 | D:4      | Reached skill level 4 in Unarmed Combat
  3241 | D:3      | Reached XP level 6. HP: 36/38 MP: 6/9
  3557 | D:4      | Reached skill level 5 in Unarmed Combat
  3594 | D:3      | Slain by a wight

Skill      XL: |  1  2  3  4  5  6 |
---------------+-------------------+-----
Transmutations | 3 4 |  4.0
Poison Magic   | 3 |  3.6
Unarmed Combat | 4 5 |  5.1
Fighting       | |  1.0
Dodging        | |  2.0
Spellcasting   | |  2.0

Action                   |  1- 3 |  4- 6 || total
-------------------------+-------+-------++-------
Melee: Unarmed           |   103 |   125 ||   228
       Constrict         |    21 |     7 ||    28
       Kick              |     6 |       ||     6
       Tentacles         |    12 |     5 ||    17
       Punch             |     1 |     1 ||     2
 Cast: Beastly Appendage |     7 |       ||     7
       Spider Form       |     5 |    19 ||    24
 Abil: End Transformatio |       |     1 ||     1
 Stab: Sleeping          |    10 |     1 ||    11
  Eat: Chunk             |     2 |     8 ||    10
       Royal jelly       |       |     1 ||     1
Armor: Skin              |    11 |    13 ||    24
Dodge: Dodged            |    72 |   127 ||   199
